 Dungeon Crawl Stone Soup version 0.30-a0-241-g1121274140 (webtiles) character file.

Game seed: 938642797099030166

108367 greasedhog the Devastator (level 16, -7/99 HPs)
             Began as a Gargoyle Conjurer on Oct 10, 2022.
             Was a High Priest of Vehumet.
             Shot with an arrow by a tengu warrior (8 damage)
             ... on level 15 of the Dungeon on Oct 11, 2022.
             The game lasted 01:00:45 (31514 turns).

greasedhog the Devastator (Gargoyle Conjurer)      Turns: 31514, Time: 01:00:46

Health: -7/99      AC: 25    Str: 14    XL:     16   Next: 49%
Magic:  34/48      EV: 13    Int: 26    God:    Vehumet [*****.]
Gold:   2864       SH:  0    Dex:  8    Spells: 1/35 levels left

rFire   + . .      SeeInvis .    Q - staff of conjuration
rCold   . . .      Faith    .    B - orb {light}
rNeg    + + .      Spirit   .    E - +2 leather armour {rF+}
rPois   ∞          Reflect  .    L - +1 hat "Waiconn" {rF- rN+ MP+9 Int+2}
rElec   +          Harm     .    s - +0 cloak
rCorr   .          Rampage  .    J - +1 pair of gloves {Stlth+}
Will    +....                    V - +1 pair of boots {Fly}
Stlth   +.........               F - amulet of magic regeneration
HPRegen 0.36/turn                S - ring of protection from fire
MPRegen 0.71/turn                P - ring of magical power

@: flying, glowing
A: sickness immunity, AC +12, big wings, negative energy resistance 1,
electricity resistance, torment resistance 1, petrification resistance
a: Renounce Religion


You were on level 15 of the Dungeon.
You worshipped Vehumet.
Vehumet was extremely pleased with you.
You visited 4 branches of the dungeon, and saw 23 of its levels.
You visited the Abyss 1 time.

You collected 3920 gold pieces.
You spent 1056 gold pieces at shops.

Inventory:

Hand Weapons
 U - the +5 war axe "Duluig" {flame, Will+}
   (You took it off an orc on level 1 of the Orcish Mines)

   It burns those it strikes, dealing additional fire damage.
   Big, fiery blades are also staple armaments of hydra-hunters.
   Will:      It increases your willpower.
Missiles
 j - 2 throwing nets
Armour
 s - a +0 cloak (worn)
 B - an orb of light (worn)
 E - a +2 leather armour of fire resistance (worn)
 J - a +1 pair of gloves of stealth (worn)
 L - the +1 hat "Waiconn" (worn) {rF- rN+ MP+9 Int+2}
   (You acquired it on level 9 of the Dungeon)

   Int:       It affects your intelligence (+2).
   rF:        It makes you vulnerable to fire.
   rN:        It protects you from negative energy.
   MP:        It affects your magic capacity (+9).
 V - a +1 pair of boots of flying (worn)
Magical Staves
 Q - a staff of conjuration (weapon)
Jewellery
 F - an amulet of magic regeneration (around neck)
 M - a ring of ice
 P - a ring of magical power (right hand)
 R - a ring of positive energy
 S - a ring of protection from fire (left hand)
 X - an amulet of reflection
Wands
 h - a wand of quicksilver (1)
 p - a wand of flame (23)
 v - a wand of mindburst (13)
 D - a wand of paralysis (2)
 H - a wand of polymorph (11)
 K - a wand of iceblast (14)
Scrolls
 c - 2 scrolls of poison
 f - a scroll of summoning
 g - 3 scrolls of immolation
 o - 2 scrolls of vulnerability
 q - 2 scrolls of amnesia
 r - 14 scrolls of teleportation
 t - a scroll of blinking
 w - 2 scrolls of magic mapping
 y - 5 scrolls of enchant armour
 z - a scroll of butterflies
 T - 3 scrolls of silence
 W - 3 scrolls of fear
Potions
 a - a potion of berserk rage
 b - 2 potions of magic
 d - 6 potions of haste {unknown}
 e - 13 potions of curing
 i - 5 potions of lignification {unknown}
 k - 6 potions of attraction {unknown}
 m - 8 potions of mutation {unknown}
 n - 6 potions of degeneration {unknown}
 u - 4 potions of heal wounds {unknown}
 x - 7 potions of brilliance {unknown}
 A - 2 potions of invisibility {unknown}
 C - 6 potions of might {unknown}
 G - 7 potions of ambrosia
 I - 4 potions of flight {unknown}
 N - 4 potions of cancellation {unknown}
 O - 4 potions of resistance {unknown}


   Skills:
 - Level 10.6 Fighting
 - Level 10.0 Armour
 * Level 8.1 Dodging
 - Level 2.1 Stealth
 - Level 10.0 Spellcasting
 * Level 18.6 Conjurations
 - Level 10.0 Translocations
 * Level 12.2 Earth Magic


You had one spell level left.
You knew the following spells:

 Your Spells              Type           Power      Damage    Failure   Level
a - Lee's Rapid Deconstr  Erth           33%        3d18*     1%          5
b - Searing Ray           Conj           100%       2d8       0%          2
c - Iskenderun's Mystic   Conj/Tloc      92%        2d18      1%          4
e - Blink                 Tloc           100%       N/A       1%          2
f - Mephitic Cloud        Conj/Pois/Air  61%        N/A       1%          3
g - Iron Shot             Conj/Erth      48%        9d9       1%          6
h - Irradiate             Conj/Tmut      37%        3d24      1%          5
i - Orb of Destruction    Conj           52%        9d13      1%          7

Your spell library contained the following spells:

 Spells                   Type           Power      Damage    Failure   Level
 Magic Dart               Conj           100%       1d8       0%          1
 Apportation              Tloc           100%       N/A       1%          1
 Freeze                   Ice            52%        1d6       1%          1
 Kiss of Death            Conj/Necr      100%       2d13      1%          1
 Beastly Appendage        Tmut           26%        N/A       5%          1
 Sting                    Tmut/Pois      52%        1d5       5%          1
 Momentum Strike          Conj/Tloc      100%       3d10      0%          2
 Dazzling Flash           Conj/Hex       100%       N/A       1%          3
 Hailstorm                Conj/Ice       75%        3d15      1%          3
 Lesser Beckoning         Tloc           100%       N/A       1%          3
 Flame Wave               Conj/Fire      75%        2d17      1%          4
 Fulminant Prism          Conj/Hex       37%        3d18      1%          4
 Manifold Assault         Tloc           60%        N/A       1%          4
 Poisonous Vapours        Pois/Air       26%        N/A       2%          2
 Scorch                   Fire           26%        2d6       2%          2
 Frozen Ramparts          Ice            26%        1d4       4%          3
 Call Imp                 Summ           13%        N/A       9%          2
 Wereblood                Tmut           13%        N/A       9%          2
 Olgreb's Toxic Radiance  Pois           13%        N/A       14%         4
 Spider Form              Tmut/Pois      13%        N/A       16%         3
 Cause Fear               Hex            6%         N/A       47%         4
 Ice Form                 Ice/Tmut       13%        N/A       47%         4
 Summon Ice Beast         Ice/Summ       13%        N/A       47%         4
 Alistair's Intoxication  Tmut/Pois      8%         N/A       83%         5
 Summon Cactus Giant      Summ           6%         N/A       100%        6
 Dragon Form              Tmut           6%         N/A       100%        7
 Storm Form               Tmut/Air       6%         N/A       100%        7
 Dragon's Call            Summ           6%         N/A       100%        9


Dungeon Overview and Level Annotations

Branches:
Dungeon (15/15)            Temple (1/1) D:4            Lair (5/5) D:11
 Shoals (0/4) Lair:3        Snake (0/4) Lair:2        Slime (0/5) Lair:4
    Orc (2/2) D:12            Elf (0/3) Orc:2        Vaults (0/5) D:13
 Depths (0/4) D:15

Altars:
Ashenzari
Cheibriados
Dithmenos
Elyvilon
Fedhas
Gozag
Hepliaklqana
Kikubaaqudgha
Makhleb
Nemelex Xobeh
Okawaru
Qazlal
Ru
Sif Muna
Trog
Uskayaw
Vehumet
Wu Jian
Xom
Yredelemnul
Zin
The Shining One
Jiyva

Shops:
D:11 (   Orc:1 *   Orc:2 =(*[[

Annotations:
D:5 2 transporters, MrSquiggles's ghost, novice OpCj
D:9 3 runed translucent doors, osoart's ghost, journeyman TrBe


Innate Abilities, Weirdness & Mutations

You are immune to sickness and miasma.
Your stone body is resilient. (AC +12)
You are immune to poison.
Your large and strong wings let you fly.
You resist negative energy. (rN+)
You are resistant to electric shocks. (rElec)
You are resistant to unholy torment.
You are immune to petrification.


Message History

The frost giant is lightly wounded.
The frost giant casts a spell at you. The bolt of cold hits you!!!
Casting: Iskenderun's Mystic Blast (safe; 1% risk of failure)
Confirm with . or Enter, or press ? or * to list all spells.
You feel a surge of power!
You erupt in a blast of force!
The mystic blast hits the frost giant!
The frost giant is lightly wounded.
The frost giant is knocked back by the mystic blast.
Unknown command.
Casting: Iskenderun's Mystic Blast (safe; 1% risk of failure)
Confirm with . or Enter, or press ? or * to list all spells.
You feel a surge of power!
You erupt in a blast of force!
The mystic blast hits the frost giant!
The frost giant is moderately wounded.
The frost giant is knocked back by the mystic blast.
A tengu warrior comes into view. It is wielding a +0 longbow.
Casting: Iskenderun's Mystic Blast (safe; 1% risk of failure)
Confirm with . or Enter, or press ? or * to list all spells.
Aiming: Lee's Rapid Deconstruction (mildly dangerous; 1% risk of failure)
Press: ? - help, Dir - move target A stone wall.
This square is lit by a halo.
Okay, then.
You feel a surge of power!
The iron shot hits the tengu warrior!!!
The tengu warrior is severely wounded.
The tengu warrior shoots an arrow.
The arrow hits you!
The frost giant points at you and mumbles some strange words.
The bolt of cold hits you!!
* * * LOW HITPOINT WARNING * * *
Unknown command.
The tengu warrior shoots an arrow.
The arrow hits you!
* * * LOW HITPOINT WARNING * * *
The frost giant casts a spell at you. The bolt of cold misses you.
Blink to where?
Press: ? - help, Dir - move target, p - tengu warrior
As you read the scroll of blinking, it crumbles to dust.
The tengu warrior shoots an arrow.
The arrow hits you!
You die...

............#
.......###..#
........##..#####
#........#......##
#......##...###..##
#......##.#.# ##..#
.#.#.....########'####
.####...## #≈≈...≈≈# #
##### #≈.@#..≈#
#.#.#.#.# #.≈.≈.≈.#
#.≈§..≈.# #.≈...≈.#
#Q##'##.# #.#...#.#
#.#.>.#)# +.C.+.#


You could see a tengu warrior.

Vanquished Creatures
  Saint Roka (Orc:2)
  Jorgrun (Orc:1)
  2 orc warlords
  An ettin (Orc:2)
  A fire dragon (Lair:5)
  3 hydras
  2 vault guards (D:13)
  A death knight (D:14)
  A catoblepas (D:13)
  4 boulder beetles
  2 centaur warriors
  6 death yaks (Lair:3)
  5 two-headed ogres
  2 tengu warriors (D:15)
  Urug (Orc:2)
  Sonja (D:11)
  An orc high priest (Orc:2)
  2 wretched stars (Abyss:2)
  A hell knight (Abyss:2)
  2 sixfirhies (Abyss:2)
  A skeletal warrior (D:14)
  A phantasmal warrior (D:14)
  5 deep elf zephyrmancers (D:14)
  6 orc knights
  A lindwurm (Lair:5)
  2 wizards
  8 ugly things
  6 deep elf pyromancers
  4 manticores
  6 orc sorcerers
  13 elephants
  2 cyclopes
  4 black mambas
  3 smoke demons (Abyss:2)
  20 cane toads
  A gargoyle (D:14)
  4 kobold demonologists
  An unseen horror (D:13)
  Psyche (D:10)
  5 komodo dragons
  4 yaktaurs (D:15)
  5 torpor snails (Lair:5)
  6 rime drakes
  An ancient zyme (Abyss:2)
  An efreet (D:13)
  3 freezing wraiths
  A hellwing (Abyss:2)
  A polar bear (Lair:2)
  A queen bee (D:10)
  4 tyrant leeches (Lair:5)
  11 trolls
  6 meliai
  9 hornets
  4 slime creatures (D:14)
  Grinder (D:5)
  23 blink frogs
  A snapping turtle (Lair:3)
  7 dream sheep (Lair:4)
  4 shadows
  2 ynoxinuls (Abyss:2)
  4 wyverns
  A centaur simulacrum (D:14)
  A basilisk (D:12)
  37 yaks
  5 golden eyes (Abyss:2)
  9 humans (D:13)
  4 vampire mosquitoes (D:12)
  A steam dragon (D:7)
  2 two-headed ogre zombies (D:12)
  7 nagas (Lair:2)
  10 wargs
  2 acid dragons
  10 water moccasins
  A hell hound (Abyss:2)
  45 orc warriors
  2 sky beasts
  2 black bears
  An ice beast (D:5)
  55 wolves
  7 centaurs
  12 ogres
  A phantom (D:7)
  2 kobold brigands
  12 bullfrogs
  3 necrophages
  Blork the orc (Orc:2)
  A gnoll sergeant (D:3)
  4 scorpions
  4 small abominations (Abyss:2)
  5 wights (D:6)
  42 killer bees
  2 electric eels (Lair:3)
  A howler monkey (D:8)
  2 quasits (Abyss:2)
  5 hounds
  3 jellies
  22 orc priests
  2 gnoll boudas (D:5)
  An iguana (D:6)
  26 orc wizards
  6 ogre zombies (D:12)
  17 gnolls
  7 adders
  2 white imps
  An ufetubus (Abyss:2)
  3 worms
  3 dart slugs
  88 orcs
  10 ball pythons
  8 endoplasms
  6 giant cockroaches
  10 goblins
  10 hobgoblins
  5 jackals
  4 quokkas
  9 bats
  3 frilled lizards (D:1)
  2 goblin skeletons (D:12)
  2 goblin zombies (D:12)
  A hobgoblin zombie (D:12)
  15 kobolds
  3 orc skeletons (D:12)
  17 orc zombies (D:12)
  7 rats
  A butterfly (Lair:5)
826 creatures vanquished.

Vanquished Creatures (collateral kills)
  2 elephants (Lair:2)
  A basilisk (Lair:2)
  A gnoll (D:5)
4 creatures vanquished.

Vanquished Creatures (others)
  A human (D:13)
  89 fungi
  A lurking horror (Abyss:2)
  105 plants
  3 withered plants (D:8)
199 creatures vanquished.

Grand Total: 1029 creatures vanquished

Notes
Turn   | Place    | Note
-------+----------+-------------------------------------------
     0 | D:1      | greasedhog the Gargoyle Conjurer began the quest for the
                  | Orb.
     0 | D:1      | Reached XP level 1. HP: 10/10 MP: 3/3
   250 | D:1      | Reached XP level 2. HP: 16/16 MP: 3/5
   286 | D:1      | Learned a level 2 spell: Searing Ray
   581 | D:1      | Reached skill level 1 in Fighting
   583 | D:1      | Reached XP level 3. HP: 16/20 MP: 0/6
  1505 | D:2      | Reached skill level 5 in Conjurations
  2046 | D:2      | Reached XP level 4. HP: 25/25 MP: 5/8
  2619 | D:3      | Found a faded altar of an unknown god.
  2825 | D:3      | Reached XP level 5. HP: 26/30 MP: 0/9
  3056 | D:3      | Found a sacrificial altar of Ru.
  3149 | D:3      | Learned a level 4 spell: Iskenderun's Mystic Blast
  3568 | D:3      | Reached XP level 6. HP: 11/36 MP: 1/11
  3783 | D:4      | Reached skill level 1 in Translocations
  3816 | D:4      | Reached skill level 6 in Conjurations
  4203 | D:4      | Found a staircase to the Ecumenical Temple.
  4257 | Temple   | Entered the Ecumenical Temple
  4408 | Temple   | Became a worshipper of Vehumet
  5019 | D:5      | Entered Level 5 of the Dungeon
  5099 | D:4      | Reached XP level 7. HP: 23/41 MP: 7/13
  5557 | D:5      | Reached * piety under Vehumet
  5557 | D:5      | Offered knowledge of Kiss of Death by Vehumet.
  5558 | D:5      | Reached skill level 7 in Conjurations
  5561 | D:5      | Learned a level 1 spell: Kiss of Death
  5849 | D:5      | Reached skill level 5 in Spellcasting
  5953 | D:5      | Reached XP level 8. HP: 45/48 MP: 9/15
  5993 | D:5      | Noticed Grinder
  6161 | D:5      | Killed Grinder
  6417 | D:5      | Reached skill level 8 in Conjurations
  6513 | D:5      | Identified the +4 ring mail of Hienilix {Str+2}
  6513 | D:5      | Identified the +0 buckler "Rizxynt" {rF+ Will+}
  6690 | D:5      | Found a transporter.
  6692 | D:5      | Found a transporter.
  6708 | D:5      | Noticed MrSquiggles's ghost (novice OpCj)
  6771 | D:5      | Identified the amulet "Modeome" {Spirit rF+ Int+2}
  6855 | D:6      | Learned a level 2 spell: Blink
  7053 | D:6      | Offered knowledge of Momentum Strike by Vehumet.
  7182 | D:6      | Reached skill level 5 in Fighting
  7182 | D:6      | Reached XP level 9. HP: 20/54 MP: 7/16
  7619 | D:6      | Reached ** piety under Vehumet
  7643 | D:6      | Found a blossoming altar of Fedhas.
  7775 | D:6      | Reached skill level 9 in Conjurations
  7792 | D:6      | Reached skill level 5 in Translocations
  8245 | D:6      | Reached skill level 1 in Armour
  9581 | D:8      | Found a basalt altar of Yredelemnul.
  9603 | D:8      | Reached skill level 10 in Conjurations
  9604 | D:8      | Offered knowledge of Static Discharge by Vehumet.
  9661 | D:8      | Reached XP level 10. HP: 54/59 MP: 8/19
  9933 | D:8      | Reached *** piety under Vehumet
 10028 | D:8      | Found a broken altar of Ashenzari.
 10197 | D:8      | Found a sparkling altar of Nemelex Xobeh.
 10566 | D:9      | Reached skill level 5 in Armour
 10633 | D:9      | Noticed a two-headed ogre
 10644 | D:9      | Killed a two-headed ogre
 10826 | D:9      | Found a runed translucent gate.
 10827 | D:9      | Found a runed translucent gate.
 10828 | D:9      | Found a runed translucent gate.
 10832 | D:9      | Noticed osoart's ghost (journeyman TrBe)
 10832 | D:9      | Noticed a spectral centaur warrior
 10832 | D:9      | Noticed a spectral centaur warrior
 11272 | D:9      | Identified 3 scrolls of acquirement
 11273 | D:9      | Acquired a +1 pair of gloves of stealth
 11280 | D:9      | Acquired the +1 hat "Waiconn" {rF- rN+ MP+9 Int+2}
 11287 | D:9      | Acquired 1002 gold pieces
 11581 | D:10     | Entered Level 10 of the Dungeon
 11605 | D:10     | Reached skill level 11 in Conjurations
 12118 | D:10     | Noticed Psyche
 12126 | D:10     | Killed Psyche
 12289 | D:10     | Reached XP level 11. HP: 57/64 MP: 23/23
 12289 | D:10     | Offered knowledge of Olgreb's Toxic Radiance by Vehumet.
 12311 | D:10     | Reached **** piety under Vehumet
 12412 | D:10     | Reached skill level 12 in Conjurations
 12539 | D:10     | Offered knowledge of Airstrike by Vehumet.
 12663 | D:10     | Found an ancient bone altar of Kikubaaqudgha.
 12663 | D:10     | Found a faded altar of an unknown god.
 12671 | D:10     | Found an iron altar of Okawaru.
 12673 | D:10     | Found a shimmering altar of Xom.
 12675 | D:10     | Found a hide-covered altar of Uskayaw.
 12925 | D:11     | Noticed a purple ugly thing
 12934 | D:11     | Noticed a white ugly thing
 12944 | D:11     | Killed a purple ugly thing
 12945 | D:11     | Reached skill level 5 in Dodging
 12956 | D:11     | Killed a white ugly thing
 13109 | D:11     | Found a hide-covered altar of Uskayaw.
 13117 | D:11     | Noticed a two-headed ogre
 13149 | D:11     | Noticed a sixfirhy
 13152 | D:11     | Noticed a manticore
 13160 | D:11     | Killed a two-headed ogre
 13404 | D:11     | Killed a manticore
 13826 | D:11     | Noticed a two-headed ogre
 13836 | D:11     | Killed a two-headed ogre
 13960 | D:11     | Reached skill level 13 in Conjurations
 13960 | D:11     | Reached XP level 12. HP: 61/72 MP: 25/25
 14000 | D:11     | Found a staircase to the Lair.
 14171 | D:11     | Found Deqaats's Antique Weapon Shop.
 14251 | D:11     | Noticed Sonja
 14255 | D:11     | Paralysed by Sonja for 5 turns
 14268 | D:11     | Killed Sonja
 14352 | Lair:1   | Entered Level 1 of the Lair of Beasts
 14363 | Lair:1   | Reached ***** piety under Vehumet
 14495 | Lair:1   | Offered knowledge of Lightning Bolt by Vehumet.
 14517 | Lair:1   | Reached skill level 10 in Spellcasting
 16288 | Lair:2   | Reached skill level 14 in Conjurations
 16300 | Lair:2   | Noticed a seven-headed hydra
 16321 | Lair:2   | Killed a seven-headed hydra
 16503 | Lair:2   | Noticed a six-headed hydra
 16519 | Lair:2   | Killed a six-headed hydra
 16680 | Lair:2   | Reached XP level 13. HP: 52/81 MP: 27/27
 16825 | Lair:2   | Reached skill level 10 in Fighting
 17480 | Lair:1   | Learned a level 3 spell: Mephitic Cloud
 17709 | Lair:2   | Reached skill level 15 in Conjurations
 17954 | Lair:2   | Found a staircase to the Snake Pit.
 18561 | Lair:3   | Offered knowledge of Iron Shot by Vehumet.
 18670 | Lair:2   | Learned a level 6 spell: Iron Shot
 19062 | Lair:3   | Reached skill level 1 in Earth Magic
 19545 | Lair:3   | Found a staircase to the Shoals.
 20182 | Lair:4   | Gained mutation: Your large and strong wings let you fly.
                  | [Gargoyle growth]
 20182 | Lair:4   | Reached XP level 14. HP: 71/88 MP: 28/28
 20535 | Lair:4   | Found a staircase to the Slime Pits.
 20536 | Lair:4   | Found a viscous altar of Jiyva.
 21375 | Lair:5   | Entered Level 5 of the Lair of Beasts
 21375 | Lair:5   | Found a gate leading to a gauntlet.
 21760 | Lair:5   | Reached skill level 16 in Conjurations
 21780 | Lair:4   | Reached skill level 5 in Earth Magic
 22275 | Lair:5   | Offered knowledge of Irradiate by Vehumet.
 22282 | Lair:5   | Learned a level 5 spell: Irradiate
 22921 | Lair:5   | Found a runed translucent door.
 24060 | D:12     | Reached skill level 10 in Translocations
 24199 | D:12     | Found a staircase to the Orcish Mines.
 24880 | Orc:1    | Entered Level 1 of the Orcish Mines
 24891 | Orc:1    | Found Kier's Assorted Antiques.
 24893 | Orc:1    | Offered knowledge of Orb of Destruction by Vehumet.
 24897 | Orc:1    | Reached XP level 15. HP: 61/93 MP: 22/29
 25206 | Orc:1    | Bought a murky emerald potion for 27 gold pieces
 25206 | Orc:1    | Bought a scroll of teleportation for 93 gold pieces
 25226 | Orc:1    | Found a radiant altar of Vehumet.
 25228 | Orc:1    | Noticed Jorgrun
 25235 | Orc:1    | Killed Jorgrun
 25365 | Orc:1    | Noticed an orc warlord
 25627 | D:12     | Killed an orc warlord
 25684 | Orc:1    | Reached skill level 10 in Armour
 25684 | Orc:1    | Reached skill level 17 in Conjurations
 25855 | D:12     | Learned a level 7 spell: Orb of Destruction
 26197 | Orc:1    | Identified the +5 war axe "Duluig" {flame, Will+}
 26206 | Orc:1    | Noticed an orc warlord
 26221 | Orc:1    | Killed an orc warlord
 26503 | Orc:1    | Offered knowledge of Iskenderun's Battlesphere by Vehumet.
 26821 | Orc:2    | Entered Level 2 of the Orcish Mines
 26923 | Orc:2    | Noticed Saint Roka
 27462 | Orc:2    | Killed Saint Roka
 27623 | Orc:2    | Found a staircase to the Elven Halls.
 27629 | Orc:2    | Noticed Blork the orc
 27635 | Orc:2    | Killed Blork the orc
 27738 | Orc:2    | Noticed Urug
 27890 | Orc:2    | Killed Urug
 28286 | Orc:2    | Found Hongaiga's Antique Armour Emporium.
 28295 | Orc:2    | Bought a pair of runed boots for 232 gold pieces
 28380 | Orc:2    | Found Daugus's Antique Armour Emporium.
 28405 | Orc:2    | Found Diacsuud's Antique Weapon Emporium.
 28420 | Orc:2    | Found Anto's Jewellery Emporium.
 28436 | Orc:2    | Found Amuer's General Store.
 28443 | Orc:2    | Bought a scroll of enchant armour for 127 gold pieces
 28443 | Orc:2    | Bought a scroll of enchant armour for 127 gold pieces
 28459 | Orc:2    | Bought an amulet of magic regeneration for 450 gold pieces
 28804 | D:13     | Found a frozen archway.
 28966 | D:13     | Reached skill level 10 in Earth Magic
 29358 | D:13     | Identified the +4 mace of Descent {vorpal, rF+ rCorr
                  | Stlth+}
 29445 | D:13     | Found a gate to the Vaults.
 29582 | D:14     | Offered knowledge of Lee's Rapid Deconstruction by Vehumet.
 29589 | D:14     | Learned a level 5 spell: Lee's Rapid Deconstruction
 29781 | D:14     | Reached skill level 18 in Conjurations
 29789 | D:14     | Reached XP level 16. HP: 71/99 MP: 2/30
 30772 | D:15     | Entered Level 15 of the Dungeon
 30792 | Abyss:2  | Cast into level 2 of the Abyss (a wizard)
 30940 | Abyss:2  | Found a sparkling altar of Nemelex Xobeh.
 30940 | Abyss:2  | Found a hazy altar of Hepliaklqana.
 30942 | Abyss:2  | Found a shimmering altar of Xom.
 30942 | Abyss:2  | Found a snail-covered altar of Cheibriados.
 30946 | Abyss:2  | Found a burning altar of Makhleb.
 30946 | Abyss:2  | Found an iron altar of Okawaru.
 30946 | Abyss:2  | Found a basalt altar of Yredelemnul.
 30946 | Abyss:2  | Found a glowing silver altar of Zin.
 30946 | Abyss:2  | Found a bloodstained altar of Trog.
 30946 | Abyss:2  | Found a radiant altar of Vehumet.
 30948 | Abyss:2  | Found a glowing golden altar of the Shining One.
 30950 | Abyss:2  | Found a white marble altar of Elyvilon.
 30950 | Abyss:2  | Found an ornate altar of the Wu Jian Council.
 30950 | Abyss:2  | Found a shimmering blue altar of Sif Muna.
 30952 | Abyss:2  | Found a broken altar of Ashenzari.
 30952 | Abyss:2  | Found an opulent altar of Gozag.
 30952 | Abyss:2  | Found a shadowy altar of Dithmenos.
 30952 | Abyss:2  | Found a hide-covered altar of Uskayaw.
 30954 | Abyss:2  | Found an ancient bone altar of Kikubaaqudgha.
 30954 | Abyss:2  | Found a blossoming altar of Fedhas.
 30954 | Abyss:2  | Found a shadowy altar of Dithmenos.
 31199 | D:15     | Escaped the Abyss
 31507 | D:15     | Found a staircase to the Depths.
 31513 | D:15     | HP: 1/99 [tengu warrior/arrow (16)]
 31514 | D:15     | Shot with an arrow by a tengu warrior

Illustrated notes

Levels and vault maps discovered:
D:1:      dpeg_arrival_rhombus, layout_loops_cross, serial_forest,
          infiniplex_forest_lined_2, infiniplex_forest_fountain,
          infiniplex_forest_clump_small, infiniplex_forest_end_3,
          infiniplex_forest_clump_diagonal, infiniplex_forest_end_3,
          infiniplex_forest_clump_curved, infiniplex_forest_clump_small,
          infiniplex_forest_straight_2, infiniplex_forest_straight_5
D:2:      layout_loops_corners
D:3:      layout_loops_ring, nicolae_ru_sacrificial_ziggurat,
          nicolae_ecumenical_pavilion, hex_large, pf_guarded_unrand_woodcutter
D:4:      kennysheep_spiral_hall, layout_basic,
          minmay_temple_entry_statues_pillars
D:5:      layout_cave_pools, gammafunk_ghost_gnarly_gnolls,
          hangedman_decor_opposing, uniq_grinder
D:6:      layout_basic, lemuel_round_altar, dreamdust_princess_corridor,
          supply_closet_lemuel
D:7:      layout_loops_cross
D:8:      layout_loops_ring, yredelemnul_altar_generic, marbit_many_paths,
          lemuel_tele_altar
D:9:      layout_basic, gammafunk_ghost_necromancy
D:10:     layout_roguey [special_room_bee], chequers_temple_overflow_minitemple,
          uniq_psyche
D:11:     layout_cave_pools, due_lair_maze_entry_diamond, serial_shops,
          nicolae_shop_hallway_stairs, eat_drink_and_be_merry_uskayaw,
          uniq_sonja
D:12:     layout_roguey [special_room_orc], zombieorc2_lemuel
D:13:     layout_roguey, ximxim_vaults_locker_room,
          portal_ice_cave_entry_pillars_1
D:14:     layout_stronghold, serial_bayou_pond_d, minmay_misc_feat_encased,
          kennysheep_flooded_box, elves_outpost_lemuel
D:15:     grunt_enter_depths_snipers, layout_cave_pools, grunt_decor_one_mirror,
          uniq_rupert
Temple:   dshaligram_water_room_temple
Lair:1:   layout_cave_pods, grunt_forest_large_clearings, grunt_megastairs_4
Lair:2:   layout_hall_layers, minmay_snake_entry_guardpost_medium,
          beast_lair_carwin_9, serial_bayou_shore_b
Lair:3:   layout_roguey, minmay_shoals_entry_hut
Lair:4:   layout_roguey, slime_entry_1, serial_bayou_shore_a
Lair:5:   wormcave, layout_misc_corridors, gauntlet_entry_generic,
          lemuel_fruit_fields
Orc:1:    layout_caves, serial_shops, nicolae_shop_stone, basic_altar,
          minmay_orc_treasury, uniq_jorgrun
Orc:2:    grunt_orc_cross, layout_caves, serial_shops, nicolae_shop_crystal,
          basic_altar

Skill      XL: |  1  2  3  4  5  6  7  8  9 10 11 12 13 14 15 16 |
---------------+-------------------------------------------------+-----
Fighting       | 1 2 3 5 7 9 10 | 10.6
Conjurations   | 5 6 7 8 10 11 13 14 15 16 18 | 18.6
Spellcasting   | 3 4 5 6 8 9 10 | 10.0
Translocations | 1 2 4 5 6 8 10 | 10.0
Armour         | 4 5 7 9 10 | 10.0
Dodging        | 4 5 7 8 |  8.1
Earth Magic    | 3 7 10 12 | 12.2
Stealth        | |  2.1

Action                   |  1- 3 |  4- 6 |  7- 9 | 10-12 | 13-15 | 16-18 || total
-------------------------+-------+-------+-------+-------+-------+-------++-------
Melee: Unarmed           |     1 |       |       |       |       |       ||     1
       Short sword       |    21 |       |       |       |       |       ||    21
       Dagger            |       |    19 |       |       |       |       ||    19
       Punch             |       |     1 |       |       |       |       ||     1
       Whip              |       |     6 |   116 |    71 |   156 |       ||   349
       Staff             |       |       |       |       |    15 |    35 ||    50
       War axe           |       |       |       |       |     3 |       ||     3
 Cast: Magic Dart        |    86 |   138 |   182 |   234 |    63 |       ||   703
       Searing Ray       |       |     3 |    26 |    36 |    14 |       ||    79
       Iskenderun's Myst |       |     1 |    10 |   120 |   150 |     9 ||   290
       Iron Shot         |       |       |       |       |   294 |    86 ||   380
       Mephitic Cloud    |       |       |       |       |    11 |       ||    11
       Irradiate         |       |       |       |       |     9 |       ||     9
       Lee's Rapid Decon |       |       |       |       |     9 |     7 ||    16
       Orb of Destructio |       |       |       |       |     5 |       ||     5
       Blink             |       |       |       |       |     1 |       ||     1
Evoke: Wand              |       |       |       |     5 |       |       ||     5
  Use: Scroll            |     1 |     1 |     4 |     6 |    10 |     4 ||    26
       Potion            |       |       |       |       |     1 |     2 ||     3
Armor: Robe              |     9 |    13 |    50 |       |       |       ||    72
       Leather armour    |       |       |    46 |   174 |   295 |    30 ||   545
Dodge: Dodged            |    18 |    25 |   117 |   217 |   294 |    44 ||   715

Table legend: (Time is in decaauts)
 A = Elapsed time spent in this place.
 B = Non-inter-level travel time spent in this place.
 C = Inter-level travel time spent in this place.
 D = Time resting spent in this place.
 E = Time spent auto-exploring this place.
 F = Levels seen in this place.
 G = Mean time per level.
                   A        B        C        D        E       F      G
               +--------+--------+--------+--------+--------+-----+--------+
         Total |  31612 |  30607 |   1005 |   7331 |  18656 |  24 | 1317.2 |
       Dungeon |  18574 |  17928 |    646 |   3673 |  11707 |  15 | 1238.3 |
        Temple |    171 |    110 |     61 |      0 |    100 |   1 |  171.0 |
          Lair |   9540 |   9286 |    254 |   2671 |   5401 |   5 | 1908.0 |
  Orcish Mines |   2915 |   2871 |     44 |    985 |   1384 |   2 | 1457.5 |
         Abyss |    411 |    411 |      0 |      2 |     64 |   1 |  411.0 |
               +--------+--------+--------+--------+--------+-----+--------+

Top non-repeatable levels by time:
  Lair:2: 2257 daAuts
  Lair:5: 2074 daAuts
    D:12: 1890 daAuts
  Lair:1: 1861 daAuts
  Lair:4: 1823 daAuts
     D:6: 1748 daAuts
   Orc:1: 1731 daAuts
     D:4: 1545 daAuts
  Lair:3: 1524 daAuts
     D:5: 1449 daAuts
    D:10: 1388 daAuts
     D:1: 1328 daAuts
    D:14: 1292 daAuts
     D:2: 1289 daAuts
     D:9: 1227 daAuts
